 Dungeon Crawl Stone Soup version 0.30-a0-879-ga8ba668304 (webtiles) character file.

Game seed: 3542688867179284242

154 Maxmaps the Cudgeller (level 5, -4/58 HPs)
             Began as a Demonspawn Gladiator on Mar 14, 2023.
             Slain by Pikel
             ... wielding a +2 whip of flaming
              (7 damage)
             ... on level 4 of the Dungeon.
             The game lasted 00:03:49 (2829 turns).

Maxmaps the Cudgeller (Demonspawn Gladiator)        Turns: 2829, Time: 00:03:50

Health: -4/58      AC: 22    Str: 14    XL:     5   Next: 13%
Magic:  5/5        EV:  2    Int: 12    God:
Gold:   199        SH:  0    Dex: 14    Spells: 4/4 levels left

rFire   . . .      SeeInvis .    a - +0 flail
rCold   . . .      Faith    .    (no shield)
rNeg    . . .      Spirit   .    t - melded +0 chain mail
rPois   +          Reflect  .    (helmet currently unavailable)
rElec   .          Rampage  .    f - melded +0 cloak
rCorr   .          NoTele   +    n - melded +0 pair of gloves
Will    .....                    (boots currently unavailable)
Stlth   +                        b - amulet of magic regeneration
HPRegen 0.29/turn                (no ring)
MPRegen 0.49/turn                (no ring)

@: mighty, tree-form, hasted, studying Stealth, very quick
A: stationary, stasis, torment immunity, boosted hp, (horns 1), repulsion field
2, (heat vulnerability 1)
a: no special abilities


You were on level 4 of the Dungeon.
You were a tree.
You visited 1 branch of the dungeon, and saw 4 of its levels.

You collected 277 gold pieces.
You spent 78 gold pieces at shops.

Inventory:

Hand Weapons
 a - a +0 flail (weapon)
Missiles
 d - 3 throwing nets (quivered)
 e - a javelin
Armour
 f - a +0 cloak (melded)
 n - a +0 pair of gloves (melded)
 t - a +0 chain mail (melded)
Jewellery
 b - an amulet of magic regeneration (around neck)
Scrolls
 m - a scroll of teleportation
 p - 4 scrolls of identify
Potions
 c - a potion of flight
 k - a potion of attraction


   Skills:
 + Level 2.7 Fighting
 + Level 4.3 Maces & Flails
 + Level 1.8 Throwing
 + Level 1.3 Armour
 + Level 3.1 Dodging
 + Level 0.4 Stealth


You had 4 spell levels left.
You didn't know any spells.
Your spell library was empty.

Dungeon Overview and Level Annotations

Branches:
Dungeon (4/15)
 Temple: D:4-7

Altars:
Vehumet

Shops:
D:4 ?

Annotations:
D:4 Pikel


Innate Abilities, Weirdness & Mutations

You are a tree.
Your roots penetrate the ground, keeping you stationary.
You cannot be teleported.
You are immune to unholy pain and torment.
Your maximum health is greatly increased.
Your equipment is partially melded.
((You have a pair of small horns on your head.))
You are surrounded by a moderate repulsion field. (EV +3)
((You are vulnerable to heat. (rF-)))


Message History

Pikel waves his whip at you.
Pikel hits you with a +2 whip of flaming.
Pikel burns you.
Pikel hits you with a +2 whip of flaming.
Pikel burns you.
Pikel zaps a wand.
The mass of ice explodes!
The iceblast engulfs you!
Pikel zaps a wand.
The mass of ice explodes!
The iceblast engulfs you but does no damage.
A quokka comes into view.
You hear a shout!
Unknown command.
Really quaff the potion of lignification?
You turn into a tree.
Your +0 cloak melds into your body.
Your +0 pair of gloves melds into your body.
Your +0 chain mail melds into your body.
Your roots penetrate the ground.
Pikel zaps a wand.
The mass of ice explodes!
The iceblast engulfs you.
* * * LOW HITPOINT WARNING * * *
Pikel zaps a wand.
The mass of ice explodes!
The iceblast engulfs you but does no damage.
You feel better.
Pikel zaps a wand.
The mass of ice explodes!
The iceblast engulfs you!
* * * LOW HITPOINT WARNING * * *
You feel yourself speed up.
Pikel hits you with a +2 whip of flaming.
* * * LOW HITPOINT WARNING * * *
Pikel burns you.
* * * LOW HITPOINT WARNING * * *
You feel very mighty all of a sudden. Pikel hits you but does no damage.
You hit Pikel.
Pikel is moderately wounded.
Pikel hits you with a +2 whip of flaming.
* * * LOW HITPOINT WARNING * * *
Pikel burns you.
* * * LOW HITPOINT WARNING * * *
You sock Pikel!
Pikel is severely wounded.
Pikel hits you with a +2 whip of flaming!
You die...

#........# ........###
......... ###########
....... #.......... ...K.
#.......# .55 #.......#
#.####... #.......#
#######55......
####.#######...♣KS5r..#...
#####.#####...########.....
............### ###.
...[......### #####
..........# ###...#
......∩...# #..<#
..........# ###.########
.......#### #...# #....#
.......# ###.### #....#


You could see Pikel (fast), 3 lemures, a quokka and a ball python.

Vanquished Creatures
  2 orc priests (D:3)
  A gnoll (D:1)
  An adder (D:3)
  4 dart slugs
  6 orcs (D:3)
  7 ball pythons
  8 bats
  2 endoplasms
  4 giant cockroaches
  3 goblins
  3 hobgoblins
  2 jackals (D:1)
  11 kobolds
  A quokka (D:4)
  4 frilled lizards
  4 rats
63 creatures vanquished.

Notes
Turn   | Place    | Note
-------+----------+-------------------------------------------
     0 | D:1      | Maxmaps the Demonspawn Gladiator began the quest for the
                  | Orb.
     0 | D:1      | Reached XP level 1. HP: 16/16 MP: 1/1
   130 | D:1      | Gained mutation: You are surrounded by a mild repulsion
                  | field. (EV +2) [demonic ancestry]
   130 | D:1      | Reached XP level 2. HP: 22/22 MP: 2/2
   242 | D:1      | Reached skill level 3 in Maces & Flails
   325 | D:1      | Reached XP level 3. HP: 19/27 MP: 3/3
   837 | D:2      | Found a radiant altar of Vehumet.
  1633 | D:3      | Gained mutation: You are surrounded by a moderate repulsion
                  | field. (EV +3) [demonic ancestry]
  1633 | D:3      | Reached XP level 4. HP: 22/34 MP: 4/4
  1902 | D:3      | Found a faded altar of an unknown god.
  1964 | D:3      | Gained mutation: You are vulnerable to heat. (rF-) [potion
                  | of mutation]
  1969 | D:3      | Reached skill level 4 in Maces & Flails
  1969 | D:3      | Reached skill level 1 in Armour
  1977 | D:3      | Gained mutation: You have a pair of small horns on your
                  | head. [demonic ancestry]
  1977 | D:3      | Reached XP level 5. HP: 6/39 MP: 5/5
  2551 | D:4      | Found Gaejin's Magic Scroll Boutique.
  2560 | D:4      | Bought a scroll of identify for 26 gold pieces
  2560 | D:4      | Bought 2 scrolls of identify for 52 gold pieces
  2613 | D:4      | Identified a scroll of acquirement
  2613 | D:4      | Acquired a manual of Stealth
  2816 | D:4      | Noticed Pikel
  2816 | D:4      | Noticed a lemure
  2816 | D:4      | Noticed a lemure
  2816 | D:4      | Noticed a lemure
  2817 | D:4      | Noticed a lemure
  2829 | D:4      | Slain by Pikel

Illustrated notes

Levels and vault maps discovered:
D:1:      wander_arrival_estate, layout_loops_ring
D:2:      layout_basic, basic_altar
D:3:      cheibrodos_pilgrimage, layout_loops_ring, basic_ecumenical_altar
D:4:      layout_rooms, serial_shops, shop, supply_closet_lemuel, uniq_pikel

Skill      XL: |  1  2  3  4 |
---------------+-------------+-----
Dodging        | 3 |  3.1
Maces & Flails | 3 4 |  4.3
Armour         | 1 |  1.3
Fighting       | |  2.7
Throwing       | |  1.8
Stealth        | |  0.4

Action                     |  1- 3 |  4- 6 || total
---------------------------+-------+-------++-------
  Melee: Flail             |   114 |    50 ||   164
         Punch             |     2 |     1 ||     3
         Headbutt          |       |     4 ||     4
    Use: Potion            |       |     9 ||     9
         Scroll            |       |    11 ||    11
 Armour: Leather armour    |    12 |       ||    12
         Ring mail         |    42 |       ||    42
         Chain mail        |     8 |    31 ||    39
         Skin              |       |     2 ||     2
  Dodge: Dodged            |    96 |    21 ||   117

Table legend: (Time is in decaauts)
 A = Elapsed time spent in this place.
 B = Non-inter-level travel time spent in this place.
 C = Inter-level travel time spent in this place.
 D = Time resting spent in this place.
 E = Time spent auto-exploring this place.
 F = Levels seen in this place.
 G = Mean time per level.
                   A        B        C        D        E       F      G
               +--------+--------+--------+--------+--------+-----+--------+
         Total |   2864 |   2720 |    144 |    228 |   1949 |   4 |  716.0 |
       Dungeon |   2864 |   2720 |    144 |    228 |   1949 |   4 |  716.0 |
               +--------+--------+--------+--------+--------+-----+--------+

Top non-repeatable levels by time:
     D:3: 945 daAuts
     D:2: 864 daAuts
     D:1: 754 daAuts
     D:4: 300 daAuts
